 Dungeon Crawl Stone Soup version 0.20.1-1-g8b1a95d (console) character file.

767 hilaritas the Chopper (level 7, -5/60 HPs)
             Began as a Centaur Fighter on Dec 17, 2017.
             Slain by an ice beast (13 damage)
             ... on level 5 of the Dungeon.
             The game lasted 00:07:57 (3732 turns).

hilaritas the Chopper (Centaur Fighter)             Turns: 3732, Time: 00:07:58

Health: -5/60      AC:  7    Str: 21    XL:     7   Next: 52%
Magic:  7/7        EV:  6    Int:  7    God:
Gold:   204        SH:  9    Dex:  8    Spells: 6/6 levels left

rFire    + . .     SeeInvis .   a - +1 war axe
rCold    . . .     Gourm    .   c - +0 shield
rNeg     . . .     Faith    .   A - +0 ring mail
rPois    .         Spirit   .   l - +0 helmet
rElec    .         Reflect  .   (no cloak)
rCorr    .         Harm     .   (no gloves)
MR       .....                  (no barding)
Stlth    ..........             (no amulet)
Regen    0.2/turn               y - ring of protection from fire
MPRegen  0.1/turn               (no ring)

@: very quick
A: hooves 3, deformed body, speed 2, tough skin 3
a: no special abilities


You were on level 5 of the Dungeon.
You were not hungry.

You visited 1 branch of the dungeon, and saw 5 of its levels.

You collected 204 gold pieces.

Inventory:

Hand Weapons
 a - a +1 war axe (weapon)
 n - a -3 mace
 w - a +0 hand axe
 C - a +0 whip of venom
Missiles
 z - 21 bolts
 D - a throwing net (quivered)
Armour
 c - a +0 shield (worn)
 l - a +0 helmet (worn)
 A - a +0 ring mail (worn)
Jewellery
 y - a ring of protection from fire (left hand)
Wands
 t - a wand of iceblast (12/15)
 B - a wand of lightning (3/15)
Scrolls
 e - 6 scrolls of identify
 i - a scroll of recharging
 k - 3 scrolls of enchant weapon
 p - a scroll of remove curse
 s - 3 scrolls of teleportation
Potions
 b - a potion of cancellation {unknown}
 d - 2 potions of might
 h - a potion of magic {unknown}
 j - 4 potions of haste
 m - a potion of invisibility {unknown}
 q - 4 potions of curing
 r - 2 potions of brilliance {unknown}
 x - 2 potions of berserk rage {unknown}
Comestibles
 f - 2 bread rations
 g - 3 royal jellies
 o - 2 meat rations
 u - 2 chunks of flesh
 v - 7 fruits


   Skills:
 + Level 4.6 Fighting
 * Level 6.6 Axes
 - Level 2.1 Armour
 + Level 3.1 Shields


You had 6 spell levels left.
You didn't know any spells.

Dungeon Overview and Level Annotations

Branches:
Dungeon (5/15)
 Temple: D:4-7

Altars:
Hepliaklqana
Makhleb
Nemelex Xobeh
Uskayaw
Xom
Yredelemnul
Zin

Annotations:
D:2 1 runed door


Innate Abilities, Weirdness & Mutations

You have hooves in place of feet.
Armour fits poorly on your strangely shaped body.
You cover ground very quickly.
You have extremely tough skin. (AC +3)


Message History

Found a plate armour.
The ice beast barely misses you.
You hit the ice beast but do no damage. The ice beast hits you.
The ice beast freezes you!
You hit the ice beast but do no damage. Your kick misses the ice beast.
You block the ice beast's attack. The ice beast hits you.
The ice beast freezes you!
* * * LOW HITPOINT WARNING * * *
It was a potion of curing.
You feel better.
You hear the hiss of a distant avalanche of sand.
The ice beast hits you but does no damage.
You closely miss the ice beast. You kick the ice beast.
The ice beast is lightly wounded.
You block the ice beast's attack.
You closely miss the ice beast.
The ice beast is lightly wounded.
The ice beast hits you.
* * * LOW HITPOINT WARNING * * *
The ice beast freezes you!
You die...

###.....[ ........#
#.......# ##...#...#
###..>.....# #
#.#......#.##########
#..#.#.................#
#.#..#.#.........######.##
#...................###.#
#.......................#
#....#.#......#@#.......#
.............††Y#...###.#
#....#........#.#...#.#.#
#....#..#.##..#.#.....#.#
##...#..#.#...#....##.#.#
.##...#..#.....###.###.#.#
.....#..#.#(#.###.# #.#.#
####..#..#.........# #.#.#
...#.........#..#..# #.#.#
##.##.#..#.#.#..#..###.#.##
.#.##.#..#.#(#..#.........#


You could see an ice beast.

Vanquished Creatures
  3 centaurs
  A scorpion (D:5)
  A howler monkey (D:5)
  A gnoll shaman (D:5)
  2 orc priests (D:3)
  A hound (D:5)
  A human skeleton (D:2)
  A killer bee zombie (D:3)
  2 worker ants
  2 hound skeletons
  3 gnolls (D:5)
  4 adders
  A shadow imp (D:4)
  An adder skeleton (D:3)
  2 worms (D:3)
  4 dart slugs
  5 leopard geckos
  13 orcs
  7 bats
  2 giant cockroaches (D:2)
  9 goblins
  6 hobgoblins
  7 jackals
  A quokka (D:3)
  7 frilled lizards
  10 kobolds
  5 rats
102 creatures vanquished.

Notes
Turn   | Place    | Note
-------+----------+-------------------------------------------
     0 | D:1      | hilaritas the Centaur Fighter began the quest for the Orb.
     0 | D:1      | Reached XP level 1. HP: 19/19 MP: 1/1
    26 | D:1      | Reached skill level 2 in Axes
   105 | D:1      | Reached XP level 2. HP: 26/26 MP: 2/2
   798 | D:2      | Found a runed door.
   798 | D:2      | Noticed a human
   808 | D:2      | Reached XP level 3. HP: 26/31 MP: 3/3
   814 | D:2      | Found a basalt altar of Yredelemnul.
  1093 | D:2      | Reached skill level 3 in Axes
  1093 | D:2      | Reached XP level 4. HP: 39/40 MP: 4/4
  1879 | D:3      | Reached XP level 5. HP: 31/46 MP: 5/5
  1999 | D:3      | Reached skill level 4 in Axes
  2292 | D:3      | Noticed a centaur
  2303 | D:3      | Killed a centaur
  2303 | D:3      | Reached XP level 6. HP: 6/52 MP: 6/6
  3365 | D:4      | Found a hazy altar of Hepliaklqana.
  3366 | D:4      | Found a glowing silver altar of Zin.
  3369 | D:4      | Reached skill level 5 in Axes
  3374 | D:4      | Found a shimmering altar of Xom.
  3374 | D:4      | Found a burning altar of Makhleb.
  3375 | D:4      | Found a sparkling altar of Nemelex Xobeh.
  3377 | D:4      | Found a hide-covered altar of Uskayaw.
  3418 | D:5      | Entered Level 5 of the Dungeon
  3574 | D:5      | Reached XP level 7. HP: 48/60 MP: 7/7
  3625 | D:5      | Reached skill level 6 in Axes
  3732 | D:5      | Slain by an ice beast

Skill      XL: |  1  2  3  4  5  6  7 |
---------------+----------------------+-----
Axes           | 2 3 4 5 6 |  6.6
Fighting       | 4 |  4.6
Shields        | 3 |  3.1
Armour         | |  2.1

Action                   |  1- 3 |  4- 6 |  7- 9 || total
-------------------------+-------+-------+-------++-------
Melee: War axe           |    92 |   197 |    30 ||   319
       Kick              |    13 |    40 |     9 ||    62
  Use: Scroll            |       |     7 |       ||     7
       Potion            |       |       |     1 ||     1
  Eat: Chunk             |       |     6 |     1 ||     7
Armor: Scale mail        |     7 |       |       ||     7
       Chain mail        |    43 |   102 |       ||   145
       Ring mail         |       |    16 |    10 ||    26
Dodge: Dodged            |    10 |    38 |     9 ||    57
Block: Shield            |    29 |    92 |    16 ||   137
